 Dungeon Crawl Stone Soup version 0.31-a0-806-g0bc164a743 (webtiles) character file.

Game seed: 14990716535825176059

40 lunkers the Insei (level 4, -8/35 HPs)
             Began as a Meteoran Shapeshifter on Sept 20, 2023.
             Killed from afar by Ijyb (10 damage)
             ... with a bolt of dispelling energy
             ... on level 2 of the Dungeon.
             The game lasted 00:01:58 (669 turns).

lunkers the Insei (Meteoran Shapeshifter)            Turns: 669, Time: 00:01:59

Health: -8/35      AC:  5    Str: 15    XL:     4   Next: 0%
Magic:  5/5        EV: 11    Int: 11    God:
Gold:   29         SH:  0    Dex: 16    Spells: 3/3 levels left

rFire   . .          .
                       - Unarmed
rCold   . . .        (no shield)
rNeg    . . .        f - +0 ring mail
rPois   .            (helmet currently unavailable)
rElec   .            (cloak currently unavailable)
rCorr   .            (gloves currently unavailable)
SInv    .            (boots currently unavailable)
Will    .....        (no amulet)
Stlth   +            (no ring)
HPRegen 0.25/turn    (no ring)
MPRegen 0.09/turn

%: no passive effects
@: beast-form, glowing
A: beast (slay +2), sense surroundings 1, otherworldly, glowing, explore regen
a: Begin Untransformation


You were on level 2 of the Dungeon.
You were a hulking beast.
You visited 1 branch of the dungeon, and saw 2 of its levels.

You collected 29 gold pieces.

Inventory:

Missiles
 h - 4 curare-tipped darts
Armour
 a - a +0 animal skin
 f - a +0 ring mail (worn)
Talismans
 c - a beast talisman (active)
 d - a flux talisman
Scrolls
 e - a scroll of teleportation {unknown}
 j - a scroll of fog {unknown}
Potions
 g - a potion of curing {unknown}
 i - a potion of might {unknown}


   Skills:
 - Level 1.1 Fighting
 - Level 2.1 Dodging
 * Level 4.8 Unarmed Combat
 + Level 4.2 Shapeshifting


You had 3 spell levels left.
You didn't know any spells.
Your spell library contained the following spells:

 Spells                   Type           Power      Damage    Failure   Level
 Cigotuvi's Dreadful Rot  Necr/Pois/Air  0%         N/A       71%         2
 Ignite Poison            Fire/Tmut/Pois 0%         N/A       91%         3
 Freezing Cloud           Conj/Ice/Air   0%         6-21      100%        5


Dungeon Overview and Level Annotations

Branches:
Dungeon (2/15) Zot: 537

Altars:

Annotations:
D:2 Ijyb


Innate Abilities, Weirdness & Mutations

You are a hulking beast.
Your limbs bulge with bestial killing power. (Slay +2)
You passively map a small area around you.
You are easily found by Zot.
You glow in the dark.
You regain HP and MP as you explore.


Message History

You hit the goblin.
You kill the goblin!
You have reached level 4!
You see here a +0 club.
Ijyb the Twisted Goblin comes into view.
She is wielding a +0 dagger, wearing a +3 leather armour of cold resistance and carrying a wand of quicksilver.
Ijyb shouts!
A goblin comes into view. It is wielding a +0 dagger.
The goblin hits you but does no damage.
You closely miss the goblin. The goblin barely misses you.
Ijyb zaps a wand.
The bolt of dispelling energy hits the goblin!
The goblin dies!
The bolt of dispelling energy hits you!
* * * LOW HITPOINT WARNING * * *
You closely miss Ijyb.
The goblin unwields a +0 dagger.
The goblin wields a +0 sling.
The goblin shoots a sling bullet.
The sling bullet barely misses you.
You hit Ijyb.
Ijyb is lightly wounded.
Ijyb zaps a wand.
The bolt of dispelling energy hits you!
* * * LOW HITPOINT WARNING * * *
The goblin shoots a sling bullet.
The sling bullet barely misses you.
Your transformation has ended.
You turn into a tree.
Your +0 ring mail melds into your body.
Your roots penetrate the ground.
Ijyb zaps a wand.
The bolt of dispelling energy hits you.
Your magical effects are unravelling.
* * * LOW HITPOINT WARNING * * *
The goblin shoots a sling bullet.
The sling bullet hits you but does no damage.
You hit Ijyb.
Ijyb is lightly wounded.
You feel less wooden.
Your +0 ring mail unmelds from your body.
You turn into a hulking beast.
Ijyb hits you with a +0 dagger.
* * * LOW HITPOINT WARNING * * *
The goblin shoots a sling bullet.
The sling bullet barely misses you.
You hit Ijyb but do no damage.
Ijyb is lightly wounded.
Ijyb zaps a wand.
The bolt of dispelling energy hits you!
You die...

#.#.##......#
#.#
#.#.##.##.###
#.# #.......#.#
#.# ###.###.#.#*
#.# ##
*#)###.... #.#
.. ##)#...... ,
#.#))....... *
#........#.. * ,
#..gh#####* * ,*
#...)8.8.8.8
.....#.g.......
*
#.####.........,
* # #.........
#......... ,
.......... , ,
,...8.8.8.8 , ,
* * *


You could see Ijyb and a goblin.

Vanquished Creatures
  A dart slug (D:2)
  4 endoplasms (D:1)
  A giant cockroach (D:1)
  10 goblins
  4 hobgoblins (D:1)
  3 kobolds (D:1)
  2 quokkas (D:1)
  5 ball pythons
  2 bats (D:1)
  A rat (D:1)
33 creatures vanquished.

Vanquished Creatures (others)
  A goblin (D:2)
1 creature vanquished.

Grand Total: 34 creatures vanquished

Notes
Turn   | Place    | Note
-------+----------+-------------------------------------------
     0 | D:1      | lunkers the Meteoran Shapeshifter began the quest for the
                  | Orb.
     0 | D:1      | Reached XP level 1. HP: 16/16 MP: 2/2
    57 | D:1      | Reached XP level 2. HP: 23/23 MP: 3/3
   228 | D:1      | Reached XP level 3. HP: 8/28 MP: 4/4
   504 | D:1      | Glimpsed the power of Zot.
   554 | D:1      | Glimpsed the power of Zot.
   660 | D:2      | Reached XP level 4. HP: 26/35 MP: 5/5
   661 | D:2      | Noticed Ijyb
   669 | D:2      | Killed from afar by Ijyb

Illustrated notes

Levels and vault maps discovered:
D:1:      heliophobic_arrival_enchanted_forest, layout_basic,
          minmay_misc_feat_five, st_stairs_1, minmay_tetromino_t2
D:2:      kennysheep_the_goblin_king, layout_loops_cross, uniq_terence

Skill      XL: |  1  2  3 |
---------------+----------+-----
Unarmed Combat | 4 |  4.8
Shapeshifting  | 4 |  4.2
Fighting       | |  1.1
Dodging        | |  2.1

Action                     |  1- 3 |  4- 6 || total
---------------------------+-------+-------++-------
  Melee: Unarmed           |    82 |     5 ||    87
         Punch             |     4 |       ||     4
    Use: Potion            |       |     1 ||     1
 Armour: Ring mail         |    42 |     5 ||    47
         Skin              |       |     2 ||     2
  Dodge: Dodged            |    62 |     4 ||    66

Table legend: (Time is in decaauts)
 A = Elapsed time spent in this place.
 B = Non-inter-level travel time spent in this place.
 C = Inter-level travel time spent in this place.
 D = Time resting spent in this place.
 E = Time spent auto-exploring this place.
 F = Levels seen in this place.
 G = Mean time per level.
                   A        B        C        D        E       F      G
               +--------+--------+--------+--------+--------+-----+--------+
         Total |    662 |    606 |     56 |      0 |    412 |   2 |  331.0 |
       Dungeon |    662 |    606 |     56 |      0 |    412 |   2 |  331.0 |
               +--------+--------+--------+--------+--------+-----+--------+

Top non-repeatable levels by time:
     D:1: 559 daAuts
     D:2: 103 daAuts
